General information
- name: BNet
- type: Ladder team game (AT/RT)
- host: Battle.net
- saver: BringerOfDeath
map: FullScaleAssault
- players: 8
- length: 42:53
- speed: Fast
- version: 1.28 W3XP
- replay type: Public
» download(432 KB)
Players
team 1 (winner)

»
james818 (
pink | 52 APM | 1020 actions | 19:27)
2 Mountain King
1 Storm Bolt
1 Bash
1 Paladin
1 Holy Light
» actions
| Assign group hotkey | 20 | |
| Basic commands | 78 | |
| Build / train | 82 | |
| Enter build submenu | 31 | |
| Enter hero's abilities submenu | 3 | |
| Right click | 269 | |
| Select / deselect | 283 | |
| Select group hotkey | 188 | |
| Use ability | 66 | |
1020 total
» units
| Peasant | 14 | |
| Rifleman | 12 | |
| Goblin Shredder | 1 | |
| Sorceress | 1 | |
| Mortar Team | 3 | |
| Siege Engine | 2 | |
| Flying Machine | 1 | |
34 total
» upgrades
| Gunpowder | 3 | |
| Masonry | 3 | |
| Armor | 2 | |
| Long Rifles | 1 | |
| Fragmentation Shards | 1 | |
| Barrage | 1 | |
| Flak Cannons | 1 | |
| Backpack | 1 | |
13 total
» buildings
| Altar of Kings | 1 | |
| Farm | 8 | |
| Blacksmith | 1 | |
| Barracks | 1 | |
| Lumber Mill | 1 | |
| Scout Tower | 13 | |
| Arcane Tower | 3 | |
| Arcane Vault | 2 | |
| Town Hall | 2 | |
| Keep | 1 | |
| Guard Tower | 7 | |
| Castle | 1 | |
| Workshop | 3 | |
| Arcane Sanctum | 1 | |
45 total
» build order
00:21 Altar of Kings
00:36 Farm
01:12 Blacksmith
01:38 Farm
01:49 Barracks
02:11 Lumber Mill
02:24 Scout Tower
02:29 Farm
02:40 Scout Tower
02:50 Farm
03:17 Arcane Tower
04:13 Scout Tower
04:24 Arcane Vault
04:35 Arcane Tower
05:05 Town Hall
05:37 Farm
06:49 Keep
08:39 Guard Tower
09:38 Scout Tower
09:39 Scout Tower
09:39 Scout Tower
10:12 Guard Tower
10:24 Arcane Vault
10:28 Castle
12:42 Workshop
12:44 Workshop
12:47 Arcane Sanctum
13:15 Town Hall
13:17 Scout Tower
13:18 Scout Tower
13:50 Guard Tower
14:24 Arcane Tower
16:33 Scout Tower
16:51 Scout Tower
16:52 Guard Tower
17:11 Scout Tower
17:14 Guard Tower
17:15 Guard Tower
17:24 Farm
17:27 Farm
17:28 Farm
17:59 Workshop
18:04 Guard Tower
18:06 Scout Tower
18:06 Scout Tower
» items
| Boots of Speed | 1 | |
| Periapt of Vitality | 1 | |
| Lesser Clarity Potion | 1 | |
| Scroll of Regeneration | 2 | |
| Mechanical Critter | 1 | |
| Potion of Healing | 3 | |
| Scroll of Town Portal | 2 | |
| Potion of Mana | 1 | |
| Potion of Lesser Invulnerability | 2 | |
| Ivory Tower | 3 | |
| Scroll of Protection | 1 | |
18 total

»
GoKu_ (
purple | 68 APM | 2577 actions | 37:57)
6 Death Knight
3 Death Coil
2 Unholy Aura
1 Animate Dead
» actions
| Assign group hotkey | 60 | |
| Basic commands | 190 | |
| Build / train | 71 | |
| ESC pressed | 3 | |
| Enter build submenu | 39 | |
| Enter hero's abilities submenu | 7 | |
| Give item / drop item | 1 | |
| Right click | 892 | |
| Select / deselect | 395 | |
| Select group hotkey | 754 | |
| Use ability | 165 | |
2577 total
» units
| Acolyte | 7 | |
| Ghoul | 5 | |
| Crypt Fiend | 5 | |
| Banshee | 15 | |
| Necromancer | 6 | |
| Obsidian Statue | 3 | |
41 total
» upgrades
| Banshee Training | 2 | |
| Web | 1 | |
| Burrow | 1 | |
| Destroyer Form | 1 | |
| Necromancer Training | 2 | |
| Skeletal Longevity | 1 | |
| Skeletal Mastery | 1 | |
9 total
» buildings
| Graveyard | 1 | |
| Crypt | 1 | |
| Ziggurat | 17 | |
| Altar of Darkness | 1 | |
| Tomb of Relics | 1 | |
| Halls of the Dead | 1 | |
| Temple of the Damned | 4 | |
| Spirit Tower | 3 | |
| Black Citadel | 1 | |
| Nerubian Tower | 2 | |
| Slaughterhouse | 3 | |
35 total
» build order
00:22 Graveyard
00:28 Crypt
00:53 Ziggurat
01:13 Altar of Darkness
01:27 Ziggurat
02:15 Tomb of Relics
02:50 Ziggurat
05:18 Halls of the Dead
06:59 Ziggurat
07:43 Ziggurat
08:17 Ziggurat
08:20 Ziggurat
08:23 Ziggurat
08:29 Ziggurat
08:44 Temple of the Damned
08:50 Temple of the Damned
09:03 Ziggurat
09:05 Ziggurat
09:35 Spirit Tower
09:54 Black Citadel
09:58 Nerubian Tower
10:05 Spirit Tower
10:16 Temple of the Damned
10:50 Ziggurat
10:51 Ziggurat
11:15 Slaughterhouse
12:28 Spirit Tower
12:31 Ziggurat
12:33 Ziggurat
12:35 Ziggurat
12:54 Nerubian Tower
15:16 Slaughterhouse
16:32 Slaughterhouse
17:09 Temple of the Damned
32:05 Ziggurat
» items
| Rod of Necromancy | 1 | |
| Boots of Speed | 1 | |
| Dust of Appearance | 1 | |
| Scroll of Town Portal | 4 | |
7 total
homelessbob (
teal | 78 APM | 2030 actions | 25:57)
4 Crypt Lord
2 Carrion Beetles
2 Impale
3 Death Knight
2 Death Coil
1 Unholy Aura
3 Dreadlord
2 Vampiric Aura
1 Sleep
» actions
| Assign group hotkey | 118 | |
| Basic commands | 55 | |
| Build / train | 131 | |
| ESC pressed | 3 | |
| Enter build submenu | 23 | |
| Enter hero's abilities submenu | 10 | |
| Remove unit from queue | 1 | |
| Right click | 727 | |
| Select / deselect | 311 | |
| Select group hotkey | 591 | |
| Use ability | 60 | |
2030 total
» units
| Acolyte | 14 | |
| Ghoul | 11 | |
| Crypt Fiend | 15 | |
| Necromancer | 8 | |
| Frost Wyrm | 2 | |
50 total
» upgrades
| Creature Carapace | 3 | |
| Creature Attack | 3 | |
| Web | 1 | |
| Skeletal Mastery | 1 | |
| Skeletal Longevity | 1 | |
| Necromancer Training | 2 | |
| Ghoul Frenzy | 1 | |
| Unholy Strength | 3 | |
| Unholy Armor | 2 | |
| Banshee Training | 1 | |
| Freezing Breath | 1 | |
19 total
» buildings
| Crypt | 1 | |
| Ziggurat | 13 | |
| Altar of Darkness | 1 | |
| Nerubian Tower | 7 | |
| Graveyard | 1 | |
| Halls of the Dead | 1 | |
| Tomb of Relics | 1 | |
| Black Citadel | 3 | |
| Temple of the Damned | 1 | |
| Spirit Tower | 11 | |
| Sacrificial Pit | 1 | |
| Boneyard | 1 | |
42 total
» build order
00:09 Crypt
00:11 Ziggurat
00:40 Altar of Darkness
01:04 Nerubian Tower
01:04 Nerubian Tower
01:19 Ziggurat
02:15 Nerubian Tower
02:15 Nerubian Tower
02:15 Nerubian Tower
04:14 Graveyard
04:39 Halls of the Dead
05:10 Ziggurat
05:33 Tomb of Relics
05:43 Ziggurat
06:00 Ziggurat
06:08 Ziggurat
06:10 Ziggurat
06:38 Ziggurat
07:02 Black Citadel
07:02 Black Citadel
07:02 Black Citadel
08:17 Temple of the Damned
08:19 Spirit Tower
08:19 Spirit Tower
08:19 Spirit Tower
08:22 Spirit Tower
08:23 Nerubian Tower
08:24 Spirit Tower
08:24 Spirit Tower
12:33 Sacrificial Pit
12:59 Ziggurat
13:42 Ziggurat
13:43 Ziggurat
13:46 Ziggurat
13:52 Ziggurat
14:58 Nerubian Tower
15:10 Spirit Tower
15:11 Spirit Tower
15:26 Spirit Tower
15:27 Spirit Tower
15:48 Spirit Tower
18:03 Boneyard
» items
APalaceOfWorms (
orange | 121 APM | 5176 actions | 42:53)
7 Archmage
3 Summon Water Elemental
3 Brilliance Aura
1 Mass Teleport
7 Goblin Alchemist
3 Healing Spray
3 Acid Bomb
1 Transmute
» actions
| Assign group hotkey | 114 | |
| Basic commands | 197 | |
| Build / train | 205 | |
| ESC pressed | 10 | |
| Enter build submenu | 80 | |
| Enter hero's abilities submenu | 15 | |
| Give item / drop item | 9 | |
| Right click | 1866 | |
| Select / deselect | 766 | |
| Select group hotkey | 1484 | |
| Use ability | 430 | |
5176 total
» units
| Peasant | 21 | |
| Footman | 3 | |
| Rifleman | 7 | |
| Goblin Shredder | 2 | |
| Goblin Zeppelin | 7 | |
| Gryphon Rider | 8 | |
| Dragonhawk Rider | 10 | |
| Priest | 7 | |
| Sorceress | 3 | |
| Siege Engine | 3 | |
| Spell Breaker | 3 | |
74 total
» upgrades
| Gunpowder | 3 | |
| Long Rifles | 1 | |
| Armor | 4 | |
| Plating | 4 | |
| Animal War Training | 1 | |
| Storm Hammers | 1 | |
| Cloud | 1 | |
| Swords | 3 | |
| Priest Training | 2 | |
| Masonry | 1 | |
| Sorceress Training | 2 | |
| Barrage | 1 | |
| Fragmentation Shards | 1 | |
| Magic Sentry | 1 | |
| Control Magic | 1 | |
27 total
» buildings
| Altar of Kings | 1 | |
| Barracks | 1 | |
| Farm | 10 | |
| Arcane Vault | 1 | |
| Blacksmith | 1 | |
| Keep | 5 | |
| Scout Tower | 44 | |
| Town Hall | 5 | |
| Lumber Mill | 1 | |
| Guard Tower | 36 | |
| Castle | 3 | |
| Gryphon Aviary | 2 | |
| Arcane Sanctum | 4 | |
| Workshop | 2 | |
116 total
» build order
00:50 Altar of Kings
00:52 Barracks
00:53 Farm
01:03 Farm
01:36 Farm
01:52 Arcane Vault
02:13 Farm
02:50 Blacksmith
03:05 Farm
03:51 Keep
03:51 Keep
03:51 Keep
05:56 Scout Tower
06:21 Town Hall
06:25 Scout Tower
06:26 Scout Tower
06:27 Scout Tower
06:27 Scout Tower
06:52 Lumber Mill
09:01 Scout Tower
09:02 Scout Tower
09:06 Guard Tower
09:06 Guard Tower
09:06 Guard Tower
10:09 Guard Tower
11:09 Town Hall
11:12 Scout Tower
11:12 Scout Tower
11:13 Scout Tower
11:13 Scout Tower
11:38 Castle
11:38 Castle
11:38 Castle
11:41 Gryphon Aviary
11:42 Gryphon Aviary
12:51 Scout Tower
12:57 Guard Tower
12:57 Guard Tower
13:33 Guard Tower
13:33 Guard Tower
13:33 Guard Tower
13:46 Scout Tower
15:01 Scout Tower
15:01 Scout Tower
15:01 Scout Tower
15:02 Scout Tower
15:05 Guard Tower
16:53 Arcane Sanctum
16:53 Arcane Sanctum
17:02 Guard Tower
17:02 Guard Tower
17:02 Guard Tower
17:06 Scout Tower
17:06 Scout Tower
17:12 Scout Tower
17:13 Scout Tower
17:14 Scout Tower
17:46 Guard Tower
17:47 Guard Tower
17:49 Guard Tower
17:49 Guard Tower
17:55 Guard Tower
17:55 Guard Tower
18:05 Arcane Sanctum
18:09 Farm
18:11 Guard Tower
18:11 Guard Tower
20:33 Scout Tower
20:35 Scout Tower
20:37 Scout Tower
21:03 Guard Tower
21:14 Guard Tower
21:14 Guard Tower
21:30 Farm
21:30 Farm
21:31 Farm
21:35 Town Hall
21:37 Scout Tower
21:38 Scout Tower
21:38 Scout Tower
22:23 Farm
22:32 Guard Tower
22:32 Guard Tower
22:35 Scout Tower
22:35 Scout Tower
22:36 Scout Tower
22:37 Scout Tower
22:38 Scout Tower
22:39 Scout Tower
23:09 Guard Tower
23:09 Guard Tower
23:10 Scout Tower
23:11 Scout Tower
23:13 Scout Tower
23:16 Scout Tower
23:51 Guard Tower
23:51 Guard Tower
26:54 Arcane Sanctum
26:59 Workshop
27:00 Workshop
27:09 Scout Tower
27:11 Scout Tower
28:01 Guard Tower
28:01 Guard Tower
28:34 Guard Tower
28:34 Guard Tower
32:00 Town Hall
33:19 Town Hall
36:11 Keep
36:11 Keep
40:07 Scout Tower
40:07 Scout Tower
40:08 Scout Tower
40:09 Scout Tower
41:06 Guard Tower
41:06 Guard Tower
» items
| Mechanical Critter | 6 | |
| Scroll of Regeneration | 6 | |
| Scroll of Town Portal | 7 | |
| Staff of Sanctuary | 1 | |
| Orb of Corruption | 1 | |
| Orb of Fire | 1 | |
| Potion of Mana | 1 | |
23 total
team 2 (loser)

»
Sea_of_Flamex (
green | 58 APM | 2306 actions | 39:32)
8 Death Knight
3 Death Coil
3 Unholy Aura
1 Animate Dead
1 Death Pact
5 Dreadlord
3 Sleep
2 Vampiric Aura
4 Lich
2 Frost Nova
2 Frost Armor
» actions
| Build / train | 78 | |
| Enter build submenu | 29 | |
| Enter hero's abilities submenu | 17 | |
| Give item / drop item | 3 | |
| Remove unit from queue | 1 | |
| Right click | 1491 | |
| Select / deselect | 605 | |
| Use ability | 81 | |
2306 total
» units
| Acolyte | 6 | |
| Ghoul | 4 | |
| Crypt Fiend | 13 | |
| Frost Wyrm | 12 | |
| Blue Drake | 1 | |
| Gargoyle | 1 | |
| Goblin Zeppelin | 1 | |
38 total
» upgrades
| Creature Attack | 3 | |
| Creature Carapace | 2 | |
| Web | 1 | |
| Burrow | 1 | |
| Freezing Breath | 1 | |
8 total
» buildings
| Crypt | 2 | |
| Ziggurat | 10 | |
| Graveyard | 1 | |
| Altar of Darkness | 1 | |
| Necropolis | 1 | |
| Halls of the Dead | 1 | |
| Black Citadel | 1 | |
| Sacrificial Pit | 1 | |
| Boneyard | 2 | |
| Tomb of Relics | 1 | |
21 total
» build order
00:13 Crypt
00:17 Ziggurat
00:39 Graveyard
01:00 Altar of Darkness
01:14 Ziggurat
01:27 Ziggurat
02:27 Crypt
03:57 Ziggurat
04:43 Necropolis
05:38 Halls of the Dead
08:49 Black Citadel
10:32 Ziggurat
10:33 Ziggurat
10:35 Ziggurat
10:36 Ziggurat
11:44 Sacrificial Pit
12:57 Boneyard
13:23 Tomb of Relics
13:30 Boneyard
20:47 Ziggurat
21:24 Ziggurat
» items
| Scroll of Town Portal | 3 | |
| Potion of Lesser Invulnerability | 1 | |
| Healing Salve | 1 | |
| Orb of Lightning | 1 | |
| Potion of Healing | 1 | |
| Orb of Corruption | 1 | |
8 total
iMAGiNE] (
red | 109 APM | 4248 actions | 39:06)
7 Mountain King
3 Storm Bolt
3 Bash
1 Avatar
6 Paladin
3 Holy Light
1 Devotion Aura
1 Divine Shield
1 Resurrection
5 Archmage
2 Blizzard
2 Brilliance Aura
1 Mass Teleport
» actions
| Assign group hotkey | 227 | |
| Basic commands | 393 | |
| Build / train | 132 | |
| ESC pressed | 7 | |
| Enter build submenu | 38 | |
| Enter hero's abilities submenu | 18 | |
| Give item / drop item | 1 | |
| Remove unit from queue | 2 | |
| Right click | 1336 | |
| Select / deselect | 680 | |
| Select group hotkey | 1257 | |
| Use ability | 157 | |
4248 total
» units
| Peasant | 16 | |
| Footman | 9 | |
| Knight | 1 | |
| Rifleman | 14 | |
| Mortar Team | 11 | |
| Sorceress | 8 | |
| Priest | 7 | |
| Flying Machine | 1 | |
67 total
» upgrades
| Lumber Harvesting | 2 | |
| Swords | 1 | |
| Masonry | 2 | |
| Animal War Training | 1 | |
| Long Rifles | 1 | |
| Fragmentation Shards | 1 | |
| Flare | 1 | |
| Plating | 0 | |
| Armor | 3 | |
| Gunpowder | 3 | |
15 total
» buildings
| Altar of Kings | 1 | |
| Farm | 16 | |
| Arcane Vault | 1 | |
| Barracks | 2 | |
| Lumber Mill | 2 | |
| Keep | 3 | |
| Blacksmith | 3 | |
| Town Hall | 4 | |
| Scout Tower | 4 | |
| Guard Tower | 3 | |
| Castle | 2 | |
| Arcane Sanctum | 1 | |
| Workshop | 2 | |
44 total
» build order
00:35 Altar of Kings
00:38 Farm
01:10 Arcane Vault
01:24 Barracks
01:33 Farm
01:59 Farm
02:17 Farm
02:21 Lumber Mill
02:32 Farm
03:14 Keep
03:15 Keep
04:17 Blacksmith
04:21 Blacksmith
04:23 Blacksmith
05:24 Town Hall
05:30 Town Hall
05:33 Scout Tower
05:47 Lumber Mill
05:49 Farm
05:52 Scout Tower
06:01 Farm
06:05 Scout Tower
06:32 Scout Tower
06:42 Guard Tower
06:43 Guard Tower
06:49 Castle
06:49 Castle
07:37 Guard Tower
08:35 Farm
09:36 Arcane Sanctum
10:39 Workshop
10:40 Workshop
10:49 Barracks
12:26 Farm
12:26 Farm
12:27 Farm
13:47 Farm
17:55 Farm
17:55 Farm
17:58 Farm
17:58 Farm
32:11 Town Hall
36:45 Town Hall
» items
| Scroll of Regeneration | 1 | |
| Boots of Speed | 3 | |
| Potion of Lesser Invulnerability | 3 | |
| Staff of Teleportation | 1 | |
| Circlet of Nobility | 1 | |
| Scroll of Town Portal | 2 | |
11 total
BringerOfDeath (
yellow | 52 APM | 2225 actions | 42:53)
7 Blademaster
3 Wind Walk
3 Critical Strike
1 Bladestorm
» actions
| Assign group hotkey | 46 | |
| Basic commands | 165 | |
| Build / train | 76 | |
| Enter build submenu | 61 | |
| Enter hero's abilities submenu | 7 | |
| Give item / drop item | 16 | |
| Remove unit from queue | 3 | |
| Right click | 1028 | |
| Select / deselect | 447 | |
| Select group hotkey | 210 | |
| Use ability | 166 | |
2225 total
» units
| Peon | 8 | |
| Grunt | 4 | |
| Goblin Shredder | 1 | |
| Goblin Sapper | 12 | |
| Wind Rider | 8 | |
| Blue Dragon | 3 | |
| Goblin Zeppelin | 3 | |
39 total
» upgrades
| Reinforced Defenses | 1 | |
| Envenomed Spears | 1 | |
| Ranged Weapons | 3 | |
| Armor | 3 | |
8 total
» buildings
| Orc Burrow | 7 | |
| Altar of Storms | 1 | |
| Barracks | 1 | |
| Voodoo Lounge | 3 | |
| Stronghold | 1 | |
| War Mill | 2 | |
| Great Hall | 2 | |
| Beastiary | 4 | |
| Fortress | 2 | |
| Watch Tower | 51 | |
| Tauren Totem | 1 | |
75 total
» build order
00:14 Orc Burrow
00:52 Orc Burrow
01:05 Altar of Storms
01:08 Barracks
01:46 Voodoo Lounge
02:49 Stronghold
04:00 War Mill
04:10 Orc Burrow
04:58 Great Hall
06:16 Beastiary
06:17 Beastiary
08:00 Fortress
08:00 Fortress
08:02 Watch Tower
08:02 Watch Tower
08:02 Watch Tower
08:02 Watch Tower
09:38 Watch Tower
09:39 Watch Tower
09:39 Watch Tower
09:40 Watch Tower
09:41 Watch Tower
10:31 Beastiary
10:33 Beastiary
10:38 War Mill
13:32 Watch Tower
13:32 Watch Tower
13:33 Watch Tower
13:34 Watch Tower
13:35 Watch Tower
14:36 Watch Tower
14:36 Watch Tower
14:36 Watch Tower
14:37 Watch Tower
14:38 Watch Tower
15:11 Voodoo Lounge
16:12 Orc Burrow
18:37 Great Hall
18:43 Tauren Totem
18:46 Watch Tower
18:46 Watch Tower
18:47 Watch Tower
18:47 Watch Tower
18:49 Watch Tower
18:49 Watch Tower
18:50 Watch Tower
18:50 Watch Tower
18:52 Watch Tower
18:53 Watch Tower
18:54 Watch Tower
18:54 Watch Tower
18:56 Voodoo Lounge
19:41 Watch Tower
19:42 Watch Tower
19:42 Watch Tower
19:44 Watch Tower
19:44 Watch Tower
19:46 Watch Tower
19:46 Watch Tower
19:48 Watch Tower
19:48 Watch Tower
19:50 Watch Tower
19:51 Watch Tower
20:46 Orc Burrow
20:53 Orc Burrow
20:56 Orc Burrow
24:30 Watch Tower
24:30 Watch Tower
24:34 Watch Tower
29:04 Watch Tower
29:07 Watch Tower
29:16 Watch Tower
29:18 Watch Tower
30:14 Watch Tower
30:17 Watch Tower
» items
| Healing Salve | 2 | |
| Scroll of Town Portal | 3 | |
| Staff of Teleportation | 3 | |
| Periapt of Vitality | 1 | |
| Circlet of Nobility | 1 | |
| Orb of Corruption | 1 | |
| Tiny Great Hall | 3 | |
| Potion of Lesser Invulnerability | 1 | |
15 total
daddysback (
blue | 29 APM | 1217 actions | 42:09)
6 Death Knight
3 Death Coil
2 Unholy Aura
1 Animate Dead
2 Lich
1 Frost Nova
1 Dark Ritual
» actions
| Assign group hotkey | 11 | |
| Basic commands | 12 | |
| Build / train | 67 | |
| Enter build submenu | 33 | |
| Enter hero's abilities submenu | 8 | |
| Remove unit from queue | 2 | |
| Right click | 605 | |
| Select / deselect | 359 | |
| Select group hotkey | 60 | |
| Use ability | 60 | |
1217 total
» units
| Acolyte | 7 | |
| Ghoul | 4 | |
| Crypt Fiend | 10 | |
| Frost Wyrm | 6 | |
| Gargoyle | 15 | |
42 total
» upgrades
| Creature Attack | 3 | |
| Creature Carapace | 2 | |
| Web | 1 | |
| Freezing Breath | 1 | |
7 total
» buildings
| Crypt | 1 | |
| Graveyard | 2 | |
| Ziggurat | 10 | |
| Altar of Darkness | 1 | |
| Tomb of Relics | 2 | |
| Necropolis | 7 | |
| Halls of the Dead | 1 | |
| Black Citadel | 2 | |
| Spirit Tower | 2 | |
| Sacrificial Pit | 1 | |
| Boneyard | 3 | |
32 total
» build order
00:10 Crypt
00:19 Graveyard
00:24 Graveyard
00:51 Ziggurat
01:01 Altar of Darkness
01:33 Tomb of Relics
02:12 Ziggurat
04:49 Ziggurat
05:15 Necropolis
05:58 Halls of the Dead
06:29 Ziggurat
06:53 Ziggurat
09:25 Ziggurat
09:27 Ziggurat
09:29 Ziggurat
09:32 Tomb of Relics
10:19 Black Citadel
10:19 Black Citadel
10:47 Spirit Tower
11:20 Sacrificial Pit
12:46 Boneyard
12:52 Boneyard
13:29 Boneyard
13:48 Necropolis
13:55 Necropolis
14:00 Necropolis
18:22 Necropolis
19:39 Necropolis
19:42 Necropolis
22:37 Ziggurat
22:39 Ziggurat
24:37 Spirit Tower
» items
Chat log
(00:21 / All) iMAGiNE]: GL HF, Clan GGL is active & recruiting
(00:37 / All) GoKu_: CAN I PLAYU?
(00:41 / All) iMAGiNE]: 1v1?
(00:49 / All) GoKu_: No i dont believe in 1v1
(03:18 / Allies) BringerOfDeath: queer
(03:56 / Allies) BringerOfDeath: rush to get that expo bro wouldn't want me to get my natural!
(05:59 / Allies) BringerOfDeath: knew you'd rush and get shreddar too
(06:06 / Allies) BringerOfDeath: had to hurry and buy it fucking FAGGOT
(06:14 / Allies) daddysback: whats your prob?
(06:16 / Allies) iMAGiNE]: yellow breathe dude its not like
(06:20 / Allies) iMAGiNE]: your communicating
(06:22 / Allies) iMAGiNE]: or asking
(06:24 / Allies) BringerOfDeath: he saw me going there
(06:25 / Allies) Sea_of_Flamex: lol i can give u wood
(06:43 / Allies) daddysback: why crey in 4v4?>
(06:58 / Allies) daddysback: lmao
(07:06 / Allies) daddysback: why cry dude?
(07:09 / Allies) iMAGiNE]: blue
(07:10 / Allies) iMAGiNE]: stfu
(07:10 / Allies) iMAGiNE]: play
(07:11 / Allies) BringerOfDeath: lmao dude weed
(07:12 / Allies) Sea_of_Flamex: yes plz
(07:25 / Allies) daddysback: r u a grown man?
(07:27 / Allies) iMAGiNE]: blue
(07:31 / Allies) iMAGiNE]: your acting like a child
(07:32 / Allies) iMAGiNE]: not him
(07:40 / Allies) daddysback: what?
(07:42 / Allies) daddysback: lmao
(07:48 / Allies) iMAGiNE]: stop antagonizing him
(07:50 / Allies) iMAGiNE]: and play
(07:54 / Allies) daddysback: shut of
(08:01 / Allies) daddysback: im in your clan
(08:05 / Allies) iMAGiNE]: idc im shaman
(08:08 / Allies) daddysback: this kid can suck a fucking dick dude
(08:10 / Allies) daddysback: fuck that
(08:16 / Allies) iMAGiNE]: manner up
(10:01 / Allies) BringerOfDeath: coil mk
(10:05 / Allies) Sea_of_Flamex: oom
(13:55 / Allies) BringerOfDeath: what's he doing just getting wyrms to tk me?
(14:06 / Allies) iMAGiNE]: he wont tk
(14:11 / Allies) BringerOfDeath: I think he will
(14:14 / Allies) iMAGiNE]: he wont.
(14:14 / Allies) BringerOfDeath: he sat there
(14:15 / Allies) iMAGiNE]: just play
(14:17 / Allies) BringerOfDeath: for 10 minutes
(14:24 / Allies) BringerOfDeath: but still playing to get wyrms
(15:22 / Allies) iMAGiNE]: go
(15:28 / Allies) BringerOfDeath: 4 halls lol
(15:36 / Allies) iMAGiNE]: its 255 gold
(15:37 / Allies) iMAGiNE]: 2 footmen
(15:39 / Allies) iMAGiNE]: and it blocks
(17:03 / Allies) Sea_of_Flamex: ok take doiwn expo
(19:30 / All) daddysback: wow
(19:32 / All) daddysback: retards
(20:30 / All) Sea_of_Flamex: lol massed banshees
(20:42 / All) GoKu_: you like that
(20:47 / All) iMAGiNE]: Lolol
(22:57 / Allies) iMAGiNE]: inc
(23:12 / Allies) daddysback: yellow makes more towers than units
(23:31 / Allies) iMAGiNE]: im 100/
(23:35 / Allies) iMAGiNE]: should be able to stop em
(25:31 / All) APalaceOfWorms: mass necorpolis
(25:32 / All) APalaceOfWorms: LOL
(25:36 / All) iMAGiNE]: still100/100
(25:38 / All) iMAGiNE]: come on boys
(26:44 / Allies) iMAGiNE]: can someone
(26:45 / Allies) iMAGiNE]: give me vision
(27:02 / Allies) iMAGiNE]: no flares
(27:04 / Allies) iMAGiNE]: huehue
(27:14 / Allies) iMAGiNE]: ty
(27:17 / Allies) Sea_of_Flamex: :)
(27:39 / Allies) daddysback: haha added
(27:55 / Allies) daddysback: to the dreadful tk list
(28:10 / Allies) BringerOfDeath: <--- shaking in his bright red hooker boots
(28:24 / Allies) daddysback: ah i see youre 0-2 smurf acc
(28:28 / Allies) daddysback: oh well
(28:36 / Allies) daddysback: ima go afk for a bit havefun with your games
(28:39 / Allies) daddysback: :))
(29:22 / Allies) BringerOfDeath: never fails lol
(31:53 / Allies) Sea_of_Flamex: we go togethor
(32:19 / Allies) iMAGiNE]: can you two please stop
(32:25 / Allies) iMAGiNE]: if not ima just leave
(32:29 / Allies) iMAGiNE]: wasting my time
(32:30 / Allies) Sea_of_Flamex: noo
(32:36 / Allies) iMAGiNE]: and greens
(32:39 / Allies) BringerOfDeath: hit purple
(32:41 / Allies) iMAGiNE]: TY
(32:43 / Allies) Sea_of_Flamex: yes
(32:50 / Allies) Sea_of_Flamex: lets go
(35:26 / All) GoKu_: you guys suck
(35:29 / All) iMAGiNE]: :(
(35:32 / All) GoKu_: almsot lost to 2v4
(35:34 / All) GoKu_: and mass banshees
(35:37 / All) Sea_of_Flamex: lol thereaer bser
(35:38 / All) iMAGiNE]: lol no blue and yellow
(35:38 / All) APalaceOfWorms: and still not over yet
(35:40 / All) iMAGiNE]: were tking.
(35:42 / All) iMAGiNE]: eachother
(38:39 / Allies) Sea_of_Flamex: wtf
(39:04 / Allies) iMAGiNE]: lol
(39:05 / Allies) iMAGiNE]: k
(39:09 / Allies) daddysback: look how stupid red looks now
(39:27 / Allies) Sea_of_Flamex: lol....hes prob fat alone at home
(39:29 / Allies) Sea_of_Flamex: o wellz
(39:29 / Allies) Sea_of_Flamex: gg
(39:36 / All) APalaceOfWorms: LOL
(39:45 / All) BringerOfDeath: Green's been spying on me...
(41:06 / All) BringerOfDeath: Blue put me on his list
(41:56 / All) BringerOfDeath: kill these rifles by you
(42:04 / All) APalaceOfWorms: k
(42:12 / All) BringerOfDeath: lawl
(42:13 / All) APalaceOfWorms: another game where I had horrible allies lol
(42:15 / All) APalaceOfWorms: but purp was cool
(42:15 / All) BringerOfDeath: I say blue lose
(42:19 / All) APalaceOfWorms: Yeah
(42:31 / All) BringerOfDeath: He was trying to gnab the shreddar from me too
(42:39 / All) BringerOfDeath: I had to buy it before I wanted to and nearly lost it
(42:46 / All) BringerOfDeath: but if I didn't I knew he'd have got or lost it